 Dungeon Crawl Stone Soup version 0.28-a0-580-ga2639ab843 (webtiles) character file.

Game seed: 9599835797089087960

2557 freelancePsychic the Destroyer (level 9, -7/65 HPs)
             Began as a Demonspawn Conjurer on Oct 3, 2021.
             Was an Initiate of Vehumet.
             Mangled by an elephant (15 damage)
             ... on level 7 of the Dungeon.
             The game lasted 00:15:19 (9867 turns).

freelancePsychic the Destroyer (DsCj)               Turns: 9867, Time: 00:15:20

Health: -7/65      AC:  4    Str:  7    XL:     9   Next: 31%
Magic:  3/13       EV: 12    Int: 30    God:    Vehumet [......]
Gold:   319        SH:  0    Dex: 11    Spells: 7/14 levels left

rFire   . . .      SeeInvis +     - Unarmed
rCold   + . .      Faith    .   (no shield)
rNeg    . . .      Spirit   .   w - +1 robe {Will+}
rPois   .          Reflect  .   (helmet restricted)
rElec   .          Harm     .   (no cloak)
rCorr   .          Rampage  .   (gloves unavailable)
Will    +....                   y - +0 pair of boots
Stlth   ++........              r - amulet of the acrobat
HPRegen 0.20/turn               b - +6 ring of intelligence
MPRegen 0.26/turn               (no ring)

@: no status effects
A: claws 3, horns 1, magic regeneration, talons 1, see invisible, cold
resistance 1
a: Renounce Religion


You were on level 7 of the Dungeon.
You worshipped Vehumet.
Vehumet was noncommittal.
You visited 2 branches of the dungeon, and saw 9 of its levels.
You also visited: Sewer.

You collected 319 gold pieces.

Inventory:

Missiles
 k - a throwing net
Armour
 a - a +0 robe
 g - a +0 helmet
 p - a +1 kite shield of poison resistance
 w - a +1 robe of willpower (worn)
 y - a +0 pair of boots (worn)
Magical Staves
 m - a staff of poison
Jewellery
 b - a +6 ring of intelligence (left claw)
 i - a ring of fire
 r - an amulet of the acrobat (around neck)
Wands
 n - a wand of iceblast (9)
Scrolls
 o - a scroll of enchant weapon
 t - a scroll of fear
 v - 3 scrolls of magic mapping
 x - a scroll of teleportation {@r4}
Potions
 c - a potion of ambrosia {unknown}
 d - 2 potions of flight
 e - a potion of attraction
 f - a potion of curing {unknown}
 h - 3 potions of degeneration {unknown}
 j - 3 potions of heal wounds {@q2}
 l - a potion of invisibility {unknown}
 q - 4 potions of magic {unknown}
 s - 2 potions of haste {unknown}
 u - a potion of brilliance {unknown}


   Skills:
 + Level 4.0 Fighting
 - Level 1.7 Dodging
 - Level 1.7 Stealth
 - Level 5.2 Unarmed Combat
 - Level 3.0 Spellcasting
 + Level 9.5 Conjurations
 - Level 5.1 Hexes


You had 7 spell levels left.
You knew the following spells:

 Your Spells              Type           Power      Damage    Failure   Level
a - Magic Dart            Conj           100%       1d8       1%          1
b - Searing Ray           Conj           100%       2d8       1%          2
c - Fulminant Prism       Conj/Hex       24%        3d13      3%          4

Your spell library contained the following spells:

 Spells                   Type           Power      Damage    Failure   Level
 Dazzling Flash           Conj/Hex       96%        N/A       1%          3
 Iskenderun's Mystic Bla  Conj/Tloc      33%        2d8       10%         4


Dungeon Overview and Level Annotations

Branches:
Dungeon (8/15)             Temple (1/1) D:7           Sewer (visited)
   Lair: D:8-11

Altars:
Elyvilon
Hepliaklqana
Uskayaw
Vehumet
Wu Jian
Yredelemnul
Zin

Shops:
D:2 *

Annotations:
D:2 Natasha


Innate Abilities, Weirdness & Mutations

You have claws for hands.
You have a pair of small horns on your head.
You regenerate magic rapidly.
You have sharp toenails.
You have supernaturally acute eyesight. (SInv)
Your flesh is cold resistant. (rC+)


Message History

The elephant is severely wounded.
The elephant tramples you!
* * * LOW HITPOINT WARNING * * *
You stumble backwards!
The elephant completely misses you. The elephant barely misses you.
The elephant tramples you.
* * * LOW HITPOINT WARNING * * *
You hold your ground!
The elephant trunk-slaps you but does no damage.
Casting: Fulminant Prism (dangerous; 3% risk of failure)
Confirm with . or Enter, or press ? or * to list all spells.
Aiming: Searing Ray (safe; 1% risk of failure)
Press: ? - help, Shift-Dir - straight line, f - elephant
Aim: an elephant (heavily wounded, 100% to hit)
The searing ray hits the elephant!
The elephant is severely wounded. (Press . to maintain the ray.)
The elephant closely misses you.
The elephant trunk-slaps you but does no damage.
The searing ray hits the elephant but does no damage.
The elephant is severely wounded.
The elephant completely misses you. The elephant trunk-slaps you.
* * * LOW HITPOINT WARNING * * *
The searing ray hits the elephant.
The elephant is severely wounded.
The elephant completely misses you. x2
The searing ray hits the elephant.
The elephant is almost dead.
You finish channelling your searing ray.
The elephant closely misses you. The elephant misses you.
Casting: Searing Ray (safe; 1% risk of failure)
Confirm with . or Enter, or press ? or * to list all spells.
Aiming: Searing Ray (safe; 1% risk of failure)
Press: ? - help, Shift-Dir - straight line, f/p - elephant
Aim: an elephant (almost dead, 100% to hit)
The searing ray hits the elephant.
The elephant is almost dead. (Press . to maintain the ray.)
The elephant tramples you!
You die...

########### ..........##
######..#..####### .##
##.###.......# ..###...#..#####.#
########### ..)).[....######Y#
#.......... ..###...###.....@#
#.######### [##
##.#.........######.## #
######.#.##.#............# ##
......#.......#..######..#######.
######.######.......# #..........
# #.# #.#..##.###.########. # #.#
#.#...........## ## # #.#
#.#..##..##.#..# # #.#
#.#..###.##.##(######


You could see an elephant.

Vanquished Creatures
  A hornet (D:7)
  3 water moccasins
  A black bear (D:8)
  3 necrophages
  An ogre (D:5)
  2 centaurs
  2 phantoms (D:5)
  A kobold brigand (Sewer)
  A wyvern skeleton (D:4)
  A water moccasin skeleton (D:5)
  4 wights (D:7)
  A howler monkey (D:5)
  3 bullfrog zombies
  3 hounds
  3 jellies
  2 gnoll shamans (D:7)
  A centaur skeleton (D:4)
  2 bullfrog skeletons
  3 iguanas
  Natasha (twice) (D:2)
  Terence (D:2)
  An orc wizard (D:4)
  A scorpion zombie (D:5)
  A hound skeleton (D:4)
  Robin (D:2)
  14 gnolls
  A howler monkey skeleton (D:7)
  A river rat (Sewer)
  2 ufetubi
  2 worms
  A dart slug (D:1)
  9 orcs
  8 endoplasms
  7 giant cockroaches
  12 goblins
  9 hobgoblins
  A jackal (Sewer)
  9 kobolds
  3 quokkas
  10 ball pythons
  10 bats
  3 frilled lizards
  11 rats
  A spectral goblin (D:2)
159 creatures vanquished.

Vanquished Creatures (others)
  8 fulminant prisms
  2 plants (D:8)
10 creatures vanquished.

Grand Total: 169 creatures vanquished

Notes
Turn   | Place    | Note
-------+----------+-------------------------------------------
     0 | D:1      | freelancePsychic the Demonspawn Conjurer began the quest
                  | for the Orb.
     0 | D:1      | Reached XP level 1. HP: 13/13 MP: 3/3
   262 | D:1      | Gained mutation: You have sharp fingernails. [demonic
                  | ancestry]
   262 | D:1      | Reached XP level 2. HP: 18/19 MP: 0/5
  1219 | D:2      | Noticed Natasha
  1224 | D:2      | Learned a level 2 spell: Searing Ray
  1245 | D:2      | Gained mutation: You have very sharp fingernails. [demonic
                  | ancestry]
  1245 | D:2      | Reached XP level 3. HP: 24/24 MP: 2/7
  1533 | D:2      | Noticed Robin
  1537 | D:2      | Killed Robin
  1969 | D:2      | Noticed Terence
  1975 | D:2      | Killed Terence
  1976 | D:2      | Reached skill level 5 in Conjurations
  1976 | D:2      | Reached skill level 1 in Hexes
  1976 | D:2      | Reached XP level 4. HP: 20/30 MP: 0/8
  2232 | D:2      | Found a faded altar of an unknown god.
  2376 | D:2      | Killed Natasha
  2597 | D:2      | Noticed Natasha
  2612 | D:2      | Reached XP level 5. HP: 35/35 MP: 5/9
  2706 | D:2      | Found an ornate altar of the Wu Jian Council.
  2709 | D:2      | Found Ikor's General Store.
  2828 | D:2      | Killed Natasha
  2837 | D:2      | Noticed Natasha
  3194 | D:3      | Found a glowing drain.
  3215 | Sewer    | Entered a sewer
  3363 | Sewer    | HP: 1/35 [kobold (3)]
  3372 | Sewer    | Gained mutation: You have claws for hands. [demonic
                  | ancestry]
  3372 | Sewer    | Reached XP level 6. HP: 31/41 MP: 1/10
  3823 | D:3      | Reached skill level 6 in Conjurations
  4469 | D:4      | Reached skill level 1 in Unarmed Combat
  4992 | D:4      | Gained mutation: You have a pair of small horns on your
                  | head. [demonic ancestry]
  4992 | D:4      | Reached XP level 7. HP: 19/46 MP: 0/11
  5177 | D:4      | Found an ornate altar of the Wu Jian Council.
  6152 | D:5      | Entered Level 5 of the Dungeon
  6526 | D:5      | Reached skill level 7 in Conjurations
  6639 | D:5      | Reached skill level 5 in Hexes
  6639 | D:5      | Reached XP level 8. HP: 52/52 MP: 6/12
  6644 | D:5      | Learned a level 4 spell: Fulminant Prism
  6933 | D:5      | Gained mutation: You have supernaturally acute eyesight.
                  | (SInv) [potion of mutation]
  6933 | D:5      | Gained mutation: You have sharp toenails. [potion of
                  | mutation]
  6933 | D:5      | Gained mutation: Your flesh is cold resistant. (rC+)
                  | [potion of mutation]
  6984 | D:5      | HP: 2/52 [ufetubus (4)]
  6992 | D:5      | HP: 1/52 [hound (1)]
  7821 | D:6      | Reached skill level 8 in Conjurations
  8056 | D:6      | Found a faded altar of an unknown god.
  8056 | D:6      | Found a radiant altar of Vehumet.
  8064 | D:6      | Found a hazy altar of Hepliaklqana.
  8068 | D:6      | Found a faded altar of an unknown god.
  8096 | D:6      | Became a worshipper of Vehumet
  8344 | D:7      | Reached skill level 5 in Unarmed Combat
  8540 | D:7      | Reached skill level 1 in Fighting
  8658 | D:7      | Gained mutation: You regenerate magic rapidly. [demonic
                  | ancestry]
  8658 | D:7      | Reached XP level 9. HP: 61/61 MP: 9/13
  8724 | D:7      | Found a staircase to the Ecumenical Temple.
  8734 | D:7      | Reached skill level 9 in Conjurations
  8741 | Temple   | Entered the Ecumenical Temple
  9146 | D:7      | Found a hide-covered altar of Uskayaw.
  9775 | D:8      | Noticed an elephant
  9867 | D:7      | Mangled by an elephant

Illustrated notes

Levels and vault maps discovered:
D:1:      moated_graveyard_arrival, layout_loops_ring
D:2:      layout_rooms, basic_altar, dreamdust_ecumenical_altar_drowned_temple,
          serial_shops, nicolae_shop_behind_doors, uniq_terence, uniq_robin,
          uniq_natasha
D:3:      layout_loops_ring, portal_sewer_entry_a
D:4:      layout_gridville, kennysheep_mini_moat
D:5:      layout_cave_pools, mainiacjoe_overflow_alcove_4
D:6:      layout_cave_pools, chequers_temple_overflow_minitemple,
          minmay_misc_feat_room
D:7:      layout_loops_ring, nicolae_overflow_hidden_temple,
          minmay_temple_entry_large_hall
D:8:      layout_loops_ring, mainiacjoe_overflow_surrounded_room,
          david_lair_generic, roderic_roman_lattice
Temple:   regret_index_temple_waves

Skill      XL: |  1  2  3  4  5  6  7  8  9 |
---------------+----------------------------+-----
Spellcasting   | 3 |  3.0
Conjurations   | 5 6 7 8 9 |  9.5
Hexes          | 1 2 3 4 5 |  5.1
Unarmed Combat | 1 3 5 |  5.2
Fighting       | 2 4 |  4.0
Dodging        | |  1.7
Stealth        | |  1.7

Action                   |  1- 3 |  4- 6 |  7- 9 || total
-------------------------+-------+-------+-------++-------
Melee: Unarmed           |    27 |    68 |    75 ||   170
       Headbutt          |       |       |    10 ||    10
       Kick              |       |       |     5 ||     5
       Punch             |       |       |     1 ||     1
 Cast: Magic Dart        |    48 |     8 |       ||    56
       Searing Ray       |    15 |    45 |    44 ||   104
       Fulminant Prism   |       |       |     8 ||     8
  Use: Scroll            |       |     3 |     8 ||    11
       Potion            |       |     3 |     1 ||     4
 Stab: Sleeping          |       |     2 |       ||     2
Armor: Robe              |     4 |    37 |    17 ||    58
Dodge: Dodged            |    27 |    86 |   119 ||   232

Table legend: (Time is in decaauts)
 A = Elapsed time spent in this place.
 B = Non-inter-level travel time spent in this place.
 C = Inter-level travel time spent in this place.
 D = Time resting spent in this place.
 E = Time spent auto-exploring this place.
 F = Levels seen in this place.
 G = Mean time per level.
                   A        B        C        D        E       F      G
               +--------+--------+--------+--------+--------+-----+--------+
         Total |   9925 |   9599 |    326 |   1076 |   7247 |  10 |  992.5 |
       Dungeon |   9230 |   8904 |    326 |   1076 |   6639 |   8 | 1153.8 |
        Temple |    243 |    243 |      0 |      0 |    240 |   1 |  243.0 |
         Sewer |    452 |    452 |      0 |      0 |    368 |   1 |  452.0 |
               +--------+--------+--------+--------+--------+-----+--------+

Top non-repeatable levels by time:
     D:4: 2263 daAuts
     D:1: 1722 daAuts
     D:2: 1422 daAuts
     D:7: 1255 daAuts
     D:5: 962 daAuts
     D:3: 848 daAuts
     D:6: 652 daAuts
   Sewer: 452 daAuts
  Temple: 243 daAuts
     D:8: 102 daAuts
